 Dungeon Crawl Stone Soup version 0.14-a0-2644-gcc8e764 (webtiles) character file.

1474 4tharraofdagon the Twirler (level 8, -1/67 HPs)
             Began as a Centaur Gladiator on Feb 16, 2014.
             Was a Priest of Okawaru.
             Slain by an ogre
             ... wielding a +0,+0 giant club
              (27 damage)
             ... on Level 7 of the Dungeon.
             The game lasted 00:11:57 (2218 turns).

4tharraofdagon the Twirler (Centaur Gladiator)      Turns: 2218, Time: 00:11:57

HP  -1/67        AC  7     Str 21      XL: 8   Next: 28%
MP   5/7         EV 11     Int  7      God: Okawaru [***...]
Gold 198         SH  0     Dex  9      Spells:  0 memorised,  7 levels left

rFire  . . .     SeeInvis .     a - +0,+1 quarterstaff
rCold  . . .     Clarity  .     s - +1 elf ring mail
rNeg   . . .     Conserve .     (no shield)
rPois  .         rCorr    .     y - +1 hat
rElec  .         rRot     .     (no cloak)
SustAb . .       Spirit   .     (no gloves)
rMut   .         Warding  .     (no barding)
Saprov . . .     Stasis   .     q - amulet of faith
MR     .....                    (no ring)
                                o - cursed -2 ring of protection

@: heroism, very quick, not resistant to hostile enchantments, very unstealthy
A: hooves 3, deformed body, herbivore 1, speed 2, fast metabolism 1, tough skin
3
a: Heroism, Renounce Religion


You were on level 7 of the Dungeon.
You worshipped Okawaru.
Okawaru was most pleased with you.
You were not hungry.

You visited 1 branch of the dungeon, and saw 7 of its levels.

You collected 198 gold pieces.

Inventory:

Hand weapons
 a - a +0,+1 quarterstaff (weapon)
Missiles
 m - 2 needles of confusion
 x - a throwing net [falling apart] (quivered)
Armour
 b - a +0 leather armour
 c - a +0 helmet
 d - a +2 robe of magic resistance
 s - a +1 elven ring mail (worn)
 y - a +1 hat (worn)
 A - a +0 scale mail
 B - a +0 orcish scale mail
Comestibles
 f - 6 bread rations
 j - a choko
 n - a sausage
Scrolls
 e - 3 scrolls of teleportation {unknown}
 g - 3 scrolls of enchant weapon II
 h - 2 scrolls of remove curse {unknown}
 i - 3 scrolls of identify
 p - a scroll of curse jewellery {unknown}
 r - a scroll of enchant weapon I {unknown}
 t - a scroll of curse weapon {unknown}
 v - a scroll of random uselessness {unknown}
 w - 2 scrolls of recharging {unknown}
 z - 2 scrolls of magic mapping {unknown}
Jewellery
 l - an uncursed ring of ice
 o - a cursed -2 ring of protection (left hand)
 q - an amulet of faith (around neck)
Potions
 k - 2 potions of heal wounds
 u - a potion of confusion
Books
 C - a book of Wizardry

   Spells                             Type                      Level
   Summon Elemental                   Summoning                    4
   Agony                              Necromancy                   5
   Force Lance                        Conjuration                  5
   Fireball                           Conjuration/Fire             5
   Haste                              Charms                       6
   Invisibility                       Hexes                        6


   Skills:
 + Level 4.6(9.6) Fighting
 * Level 6.1(11.1) Staves
 - Level 2.6(7.6) Throwing
 + Level 3.4(8.4) Armour
 + Level 4.0(9.0) Dodging
 + Level 1.2 Invocations


You had 7 spell levels left.
You didn't know any spells.

Dungeon Overview and Level Annotations

Branches:
Dungeon (7/16)             Temple (0/1) D:6

Altars:
Ashenzari
Cheibriados
Makhleb
Okawaru
Trog
Yredelemnul
The Shining One

Annotations:
D:4 aimeelou's ghost, average DsWz
D:5 Duskembrace's ghost, average DEIE


Innate Abilities, Weirdness & Mutations

You have hooves in place of feet.
Armour fits poorly on your strangely shaped body.
You digest meat inefficiently.
You cover ground very quickly.
You have a fast metabolism.
You have extremely tough skin (AC +3).


Message History

Found a club.
Found a basalt altar of Yredelemnul.
You feel like a meek peon again.
Found 14 gold pieces.
Found a stone staircase leading down.
You now have 198 gold pieces (gained 14).
An ice beast comes into view.
Found a papyrus book.
C - a book of Wizardry
There are no items here.
An ogre comes into view. It is wielding a giant club.
The ogre shouts!
You hear an angry hiss.
Use which ability? (? or * to list)
You gain the combat prowess of a mighty hero.
You feel slightly more hungry.
A crimson imp comes into view.
You hit the ogre.
The ogre is lightly wounded.
The ogre hits you with a giant club!
You die...

#############
#.@....I....#
#O#########.#
... .... #.#
#### .....
......#.####...
#..5...
....I.........#.
......
...>...........
..###
.............#.
.
##....#........
#....###......


You could see an ice beast, an ogre and a crimson imp.

Vanquished Creatures
  Pikel (D:6)
  A hippogriff (D:7)
  An ice beast (D:5)
  A slave (D:6)
  An ogre (D:5)
  2 giant frogs
  A jelly (D:6)
  A giant frog skeleton (D:7)
  2 orc wizards
  A hound (D:6)
  2 worker ants (D:5)
  Ijyb (D:6)
  4 adders
  An inept feature mimic (D:3)
  A worm (D:6)
  4 giant geckos
  16 orcs
  5 giant cockroaches
  5 goblins
  9 hobgoblins
  4 kobolds
  4 bats
  3 giant newts
  8 jackals
  A quokka zombie (D:6)
  5 rats
  A rat zombie (D:5)
86 creatures vanquished.

Vanquished Creatures (others)
  A slave (D:6)
  A kobold (D:6)
2 creatures vanquished.

Grand Total: 88 creatures vanquished

Notes
Turn   | Place    | Note
--------------------------------------------------------------
     0 | D:1      | 4tharraofdagon, the Centaur Gladiator, began the quest for the Orb.
     0 | D:1      | Reached XP level 1. HP: 17/17 MP: 1/1
   122 | D:1      | Reached XP level 2. HP: 12/24 MP: 2/2
   248 | D:2      | Found an iron altar of Okawaru.
   256 | D:2      | Became a worshipper of Warmaster Okawaru
   412 | D:2      | Reached skill level 3 in Staves
   412 | D:2      | Reached XP level 3. HP: 19/29 MP: 3/3
   465 | D:3      | Found a glowing golden altar of the Shining One.
   478 | D:3      | Reached skill level 1 in Armour
   719 | D:3      | Found a bloodstained altar of Trog.
   905 | D:4      | Reached XP level 4. HP: 37/37 MP: 3/3
  1199 | D:4      | Noticed aimeelou's ghost (average DsWz)
  1280 | D:3      | Found a snail-covered altar of Cheibriados.
  1382 | D:5      | Entered Level 5 of the Dungeon
  1396 | D:5      | Noticed an ogre
  1405 | D:5      | Killed an ogre
  1405 | D:5      | Acquired Okawaru's first power
  1405 | D:5      | Reached XP level 5. HP: 32/42 MP: 4/4
  1514 | D:5      | Noticed an ice beast
  1536 | D:5      | Reached skill level 4 in Staves
  1543 | D:5      | Killed an ice beast
  1543 | D:5      | Reached XP level 6. HP: 39/51 MP: 2/5
  1580 | D:5      | Noticed Duskembrace's ghost (average DEIE)
  1693 | D:6      | Found a burning altar of Makhleb.
  1707 | D:6      | Noticed a hill giant zombie
  1788 | D:6      | Noticed Ijyb
  1815 | D:6      | Killed Ijyb
  1883 | D:7      | Reached XP level 7. HP: 33/57 MP: 5/5
  1926 | D:7      | Reached skill level 5 in Staves
  1962 | D:6      | Noticed Pikel
  1984 | D:6      | Killed Pikel
  1984 | D:6      | Reached XP level 8. HP: 32/67 MP: 3/6
  1994 | D:6      | Found a shattered altar of Ashenzari.
  2041 | D:6      | Found a staircase to the Ecumenical Temple.
  2132 | D:7      | Noticed a hippogriff
  2148 | D:7      | Killed a hippogriff
  2148 | D:7      | Reached skill level 6 in Staves
  2166 | D:7      | Reached skill level 1 in Invocations
  2182 | D:7      | Found a basalt altar of Yredelemnul.
  2218 | D:7      | Slain by an ogre

Action                   |  1- 3 |  4- 6 |  7- 9 || total
-------------------------+-------+-------+-------++-------
Melee: Quarterstaff      |    99 |   106 |    52 ||   257
Throw: Throwing net      |     2 |     5 |     3 ||    10
Invok: Heroism           |       |     3 |     3 ||     6
  Use: Potion            |     2 |       |     2 ||     4
       Scroll            |       |     3 |       ||     3
 Stab: Held in net/web   |       |     1 |       ||     1
